Unix NetHack Version 5.0.0-0 post-release - last build Jul 14 2026 02:55:29 (1809b74e8187c3a3585e283601c3028b46cbbdcb,branch:main).

Game began 2026-07-18 05:10:38, ended 2026-07-18 07:15:26.

1234561, lawful female human Valkyrie

                  ---------------
                  |.............|                            ---------------
                  |..............#                           |.............|
                  |.............|#                           |..(..........|
                  |.....?.......|#        -----              |.............|
 ------           |.............|#        |.>.|            ##............=.|
 |!!!!.           -------|-------#        |.(.|           ## ---------.---+-
 |!!!!..#            #####       #       #.....#                      #####
 |!!!!  #           ##          ##       #-----#                      #####
 |!!    @#         ##           #        #     #                     ##  ###
 ---     #        ##            #        #     #                     #-----.-
         #     ####             #        #     #                  ####|.....|
         #   --.------------   ##        #     #               ####   |.....|
         #   |......)......|   #         #     # --------------|-     |..._.|
         ####..............|   #---------#     # |..............|    #......|
             |.............|   #|...)....#     ##...............|#####|...<.|
             ---------------   #........|        |...............#    -------
                                |.......|        ----------------
                                ---------

1234561 the Skirmisher      St:17 Dx:14 Co:15 In:10 Wi:11 Ch:8  Lawful
Dlvl:5  $:0  HP:13(40) Pw:13(13) AC:6  Xp:4 T:1786 

Latest messages:
 The homunculus starts to attack you, but pulls back.
 The homunculus starts to attack you, but pulls back.
 You finish your prayer.
 You feel that Tyr is well-pleased.
 You feel much better.
 You kill the homunculus!
 You feel less confused now.
 You see here a sewer rat corpse.
 u - a sewer rat corpse.
 What do you want to eat? [dtu or ?*] <enter>
 Never mind.
 What do you want to eat? [dtu or ?*] <enter>
 Never mind.
 The jackal bites!
 You kill the jackal!
 You miss the rock piercer.
 You hit the rock piercer!
 You miss the rock piercer.
 You miss the rock piercer.
 You hit the rock piercer!
 You hit the rock piercer.
 You kill the rock piercer!
 Welcome to experience level 4.
 You see here 5 gold pieces.
 $ - 5 gold pieces (107 in total).
 You hear a chugging sound.
 Something is written here in the dust.
 You read: "Closed for inventory".
 In what direction? 4
 This door is locked.
 In what direction? 4
 As you kick the door, it crashes open!
 Klodzko appears next to you!
 "How dare you break my door?"
 Klodzko zaps a maple wand!
 The wand misses you.
 Klodzko zaps a maple wand!
 The wand hits you!
 Klodzko zaps a wand of striking!
 The wand hits you!
 #pary: unknown extended command.
 The '5' prefix should be followed by a movement command.
 Really quit without saving? [yn] (n) n
 Really quit without saving? [yn] (n) y
 Klodzko takes all your possessions.
 Do you want to see what you had when you quit? [ynq] (y) y
 Do you want to see your attributes? [ynq] (y) y
 Do you want an account of creatures vanquished? [ynaq] (y) y
 Do you want to see your conduct and achievements? [ynq] (y) y
 Do you want to see the dungeon overview? [ynq] (y) y

Inventory:
 Weapons  (')')
  b - 2 +0 daggers (alternate weapons; not wielded)
  i - a blessed corroded +1 orcish dagger
  a - a +1 spear (weapon in right hand)
 Armor    ('[')
  c - an uncursed +3 small shield (being worn)
 Comestibles  ('%')
  d - 2 uncursed food rations
  t - an uncursed lichen corpse
  u - an uncursed sewer rat corpse
 Scrolls  ('?')
  o - an uncursed scroll of amnesia
  l - an uncursed scroll of enchant armor
  q - an uncursed scroll of identify
 Potions  ('!')
  f - a blessed potion of invisibility
  h - an uncursed potion of sleeping
 Tools    ('(')
  e - an uncursed blindfold
 Gems/Stones  ('*')
  p - an uncursed opal

1234561 the Valkyrie's attributes:

Background:
 You were a Skirmisher, a level 4 human Valkyrie.
 You were lawful, on a mission for Tyr
 who was opposed by Odin (neutral) and Loki (chaotic).
 You were right-handed.
 You were in the Dungeons of Doom, on level 5.
 You entered the dungeon 1786 turns ago.
 You had 81 experience points, 79 more were needed to attain level 5.

Basics:
 You had 13 out of 40 hit points.
 You had all 13 energy points (spell power).
 Your armor class was 6.
 Your wallet was empty.
 Autopickup was off.

Final Characteristics:
 Your strength was 17 (limit:18/100).
 Your dexterity was 14 (limit:18).
 Your constitution was 15 (limit:18).
 Your intelligence was 10 (limit:18).
 Your wisdom was 11 (limit:18).
 Your charisma was 8 (limit:18).

Final Status:
 You weren't hungry.
 You were unencumbered.
 You were wielding a spear.
 You had basic skill with spear.

Final Attributes:
 You were devoutly aligned.
 You were cold resistant.
 You were stealthy.
 You survived.

Miscellaneous:
 You didn't encounter any bones levels.
 Total elapsed playing time was 2 hours, 4 minutes and 44 seconds.

Major events:
 Turn
    1: 1234561 the lawful human Valkyrie entered the dungeon
 1086: attained the rank of Skirmisher (level 3)
 1786: quit

You didn't know any spells.

Skills:
 Fighting Skills
   bare handed combat [Unskilled]
   two weapon combat  [Unskilled]
   riding             [Unskilled]
 Weapon Skills
   dagger             [Basic]
   axe                [Unskilled]
   pick-axe           [Unskilled]
   short sword        [Unskilled]
   broadsword         [Unskilled]
   long sword         [Unskilled]
   two-handed sword   [Unskilled]
   saber              [Unskilled]
   hammer             [Unskilled]
   quarterstaff       [Unskilled]
   polearms           [Unskilled]
   spear              [Basic]
   trident            [Unskilled]
   lance              [Unskilled]
   sling              [Unskilled]
 Spellcasting Skills
   attack spells      [Unskilled]
   escape spells      [Unskilled]

Voluntary challenges:
 Character rerolling was not enabled.
 You were illiterate.
 You never genocided any monsters.
 You never polymorphed an object.
 You never changed form.
 You used no wishes.
Achievements:
 You entered a shop.
 You attained the rank of Skirmisher.

 The Dungeons of Doom: levels 1 to 5
    Level 1:
       An altar.
    Level 2:
       A fountain, a grave.
    Level 3:
       A general store.
    Level 4:
    Level 5: <- You were here.
       An altar to Tyr.


Vanquished creatures:
  a rock piercer
  a floating eye
  a homunculus
 an acid blob
  a yellow mold
  a green mold
  8 jackals
  a kobold
  a goblin
  a sewer rat
  a grid bug
  2 bats
  5 lichens
  4 newts
29 creatures vanquished.

No species were genocided or became extinct.

Farvel 1234561 the Valkyrie...

You quit in The Dungeons of Doom on dungeon level 5 with 524 points,
and 0 pieces of gold, after 1786 moves.
You were level 4 with a maximum of 40 hit points when you quit.

